[Event "*** Titled Tuesday Blitz"]
[Site "Chess.com"]
[Date "2020.10.27"]
[Round "9"]
[White "Yoshikrov"]
[Black "krasavetc"]
[Result "1/2-1/2"]
[WhiteElo "2140"]
[BlackElo "2283"]
[TimeControl "180+1"]
[EndTime "11:46:31 PDT"]
[Termination "Game drawn by stalemate"]

1. e4 e6 2. d4 d5 3. Nd2 dxe4 4.
Nxe4 Nf6 5. Nxf6+ Qxf6 6. Nf3 h6 7. Bd3 c5 8. Be3 Nc6 9. c3 cxd4 10. Nxd4 Ne5 11.
Bb5+ Bd7 12. Qa4 Bc5 13. Bxd7+ Nxd7 14. O-O Bxd4 15. Bxd4 e5 16. Rfe1 O-O 17. Qxd7 exd4 18. Qxd4 Qc6 19. Qb4 Rad8 20. Rad1 Qe6 21. Qxf8+ Rxf8 22. Rxe6 fxe6 23. Rd7 Rb8 24. f4 a5 25. Kf2 b5 26. Ke3 Kh7 27. g4 Kg6 28. Ke4 b4 29. c4 b3 30. a3 Kf6 31. h4 Rc8 32. g5+ hxg5 33. hxg5+ Kg6 34. Kd4 Kf5 35. Rf7+ Kg6 36. Ra7 Kf5 37. Rxg7 Kxf4 38. c5 e5+ 39. Kd5 Rd8+ 40. Ke6 e4 41. Rh7 Rd2 42. g6 Rxb2 43. g7 Rg2 44. c6 b2 45. g8=Q Rxg8 46. Rb7 Rc8 47. Kd7 Rg8 48. c7 e3 49. Rxb2 Kf3 50. c8=Q Rxc8 51. Kxc8 e2 52. Rxe2 Kxe2 53. Kb7 Kd3 54. Kb6 a4 55. Kb5 Kc3 56. Kxa4 Kc4 57.
Ka5 Kc5 58. Ka6 Kc6 59. a4 Kc5 60. a5 Kc6 61. Ka7 Kc7 62. Ka6 Kb8 63. Kb6 Ka8 64. a6 Kb8 65. a7+ Ka8 66. Ka6 1/2-1/2

[Event "*** Titled Tuesday Blitz"]
[Site "Chess.com"]
[Date "2020.10.27"]
[Round "9"]
[White "Leonid_Starozhilov"]
[Black "RobPeresian"]
[Result "0-1"]
[WhiteElo "2633"]
[BlackElo "2465"]
[TimeControl "180+1"]
[EndTime "11:46:33 PDT"]
[Termination "RobPeresian won by resignation"]

1. e4 e5 2. Nf3 Nc6 3. Bc4 Bc5 4. d3 Nf6 5. c3 d6 6. Nbd2 a6 7.
Bb3 Ba7 8. Nc4 h6 9. Be3 Bxe3 10. Nxe3 Be6 11. O-O O-O 12. Re1 Re8 13. Bd5 Bxd5 14. exd5 Ne7 15. c4 Ng6 16. Nd2 Nf4 17. Ne4 Nxe4 18.
dxe4 Qf6 19. g3 Nh3+ 20. Kg2 Ng5 21. Qg4 g6 22. h4 Nh7 23. Rac1 h5 24. Qe2 b6 25. b4 a5 26. a3 axb4 27. axb4 Ra4 28.
Rb1 Rea8 29. Rec1 Qe7 30. Rc2 Nf6 31. Qf3 Kg7 32. Rbb2 Ra3 33. Rd2 Ng4 34. Re2 Nxe3+ 35. Rxe3 Ra1 36. Rd3 Rc1 37. Rdd2 Raa1 38. Rdc2 Rg1+ 39.
Kh2 Qd7 40. c5 bxc5 41. bxc5 Qg4 42. Qxg4 hxg4 43. f4 gxf3 44. Kh3 f5 45. cxd6 Rh1+ 46. Rh2 cxd6 47. h5 fxe4 48. Rxh1 Rxh1+ 49. Kg4 gxh5+ 50. Kg5 e3 51. Rb7+ Kf8 52. Kf6 Ke8 53. Ke6 Kd8 54. Kxd6 Kc8 55. Rc7+ Kb8 56. Rf7 e2 57. Rxf3 e1=Q 58.
Rc3 Qxc3 59. Ke6 e4 60. d6 Qc6 61. Ke7 Rd1 62. d7 Rxd7+ 0-1

[Event "*** Titled Tuesday Blitz"]
[Site "Chess.com"]
[Date "2020.10.27"]
[Round "9"]
[White "suyu28"]
[Black "shnitez"]
[Result "1-0"]
[WhiteElo "2604"]
[BlackElo "2434"]
[TimeControl "180+1"]
[EndTime "11:46:33 PDT"]
[Termination "suyu28 won by resignation"]

1. f4 Nf6 2. Nf3 g6 3. g3 Bg7 4. Bg2 O-O 5. O-O d5 6. d3 b6 7. c3 c5 8. e4 dxe4 9. dxe4 Bb7 10. e5 Nd5 11. Qe2 Ba6 12. c4 Nb4 13. Nc3 Bb7 14.
Rd1 Qc8 15. Nd5 Re8 16. Be3 Nd7 17. Ng5 e6 18. Nxb4 cxb4 19. Ne4 Bxe4 20. Bxe4 Rb8 21.
h4 Bf8 22. h5 Bc5 23. b3 Rd8 24. Kg2 Bxe3 25. Qxe3 Nc5 26. Bf3 Qc7 27. h6 Qe7 28. g4 Rxd1 29. Rxd1 Rd8 30. Rd4 Kf8 31. g5 Rxd4 32.
Qxd4 Qd7 33. Qd6+ Qxd6 34. exd6 Nd3 35. Kg3 Nc1 36. f5 exf5 37. Kf4 Nd3+ 38. Ke3 Ne5 39. Bd5 Ke8 40. Kd4 Nd7 41. Bc6 Kd8 42. Kd5 Nc5 43. Ke5 Nd7+ 44. Kd5 a5 45. Bb5 f4 46.
Ke4 f3 47. Kxf3 f6 48. Kf4 fxg5+ 49. Kxg5 Ne5 50. Kf6 Ng4+ 51. Kg7 Nxh6 52. Kxh6 Kc8 53. Bc6 Kd8 54. Kxh7 g5 55. Kg6 g4 56. Kf5 g3 57.
Ke5 Kc8 58. Ke6 Kd8 59. Bg2 Ke8 60. d7+ Kd8 61. Bf3 b5 62. cxb5 1-0

[Event "*** Titled Tuesday Blitz"]
[Site "Chess.com"]
[Date "2020.10.27"]
[Round "9"]
[White "Quattroporte300"]
[Black "Andrii_Prydun"]
[Result "1-0"]
[WhiteElo "2240"]
[BlackElo "2357"]
[TimeControl "180+1"]
[EndTime "11:46:33 PDT"]
[Termination "Quattroporte300 won by checkmate"]

1. d4 d5 2. c4 c6 3. Nf3 Nf6 4. Nc3 e6 5. e3 Nbd7 6. Qc2 Be7 7.
b3 O-O 8. Bd3 b6 9. O-O Bb7 10.
Bb2 c5 11. cxd5 exd5 12. Rac1 Rc8 13. Qe2 Re8 14. Bb1 g6 15. Rfd1 Bf8 16. Qd3 Bg7 17. h3 Qe7 18. a4 a6 19. Nd2 h5 20. Re1 Qd6 21. Nf3 c4 22. bxc4 dxc4 23. Qd2 Bxf3 24. gxf3 Qe6 25. Kg2 Nh7 26. e4 Bf6 27. d5 Qd6 28. f4 Qb4 29. e5 Bg7 30.
Ne4 Qxd2 31. Nxd2 b5 32. axb5 axb5 33. Ba3 g5 34. e6 fxe6 35. dxe6 Ndf6 36. f5 g4 37. Ne4 Nxe4 38. Bxe4 gxh3+ 39. Kf3 Ng5+ 40. Kf4 Nxe4 41. Rxe4 Bh6+ 42. Ke5 Bxc1 43. Bxc1 b4 44. f6 Kh8 45. f7 Rf8 46. Kf6 Rc7 47. e7 Rxe7 48.
Rxe7 h2 49. Re1 Rb8 50. Ke7 Rb7+ 51. Kf6 Rb6+ 52. Kf5 Rb8 53. Re8+ Kh7 54. Rxb8 h1=Q 55. Rh8+ Kg7 56. f8=Q# 1-0

[Event "*** Titled Tuesday Blitz"]
[Site "Chess.com"]
[Date "2020.10.27"]
[Round "9"]
[White "nrvisakh"]
[Black "GameOverBro"]
[Result "1-0"]
[WhiteElo "2694"]
[BlackElo "2532"]
[TimeControl "180+1"]
[EndTime "11:46:34 PDT"]
[Termination "nrvisakh won by resignation"]

1. e4 d6 2. d4 Nf6 3. Nc3 e5 4. Nf3 Nbd7 5. Bc4 Be7 6. O-O c6 7.
Re1 h6 8. a4 Qc7 9. Ba2 Nf8 10.
Nh4 Ne6 11. Nf5 O-O 12. dxe5 dxe5 13. Qf3 Ng5 14. Bxg5 hxg5 15. h3 g6 16. Nxe7+ Qxe7 17. Qe3 Nh5 18. Rad1 Nf4 19. Qd2 Be6 20. Qd6 Qxd6 21. Rxd6 Rfd8 22. Red1 Rxd6 23. Rxd6 Bxa2 24. Nxa2 Kf8 25. Rd7 Rb8 26. Nc1 Ke8 27. Rd2 Rd8 28. Rxd8+ Kxd8 29. f3 Kd7 30. Kf2 b5 31. axb5 cxb5 32.
b4 Kc6 33. Nb3 Ne6 34. Ke3 Nf4 35. Kf2 Ne6 36. c3 Kb6 37. Ke3 Nf4 38. Kf2 Ne6 39.
g3 Nd8 40. Nc5 Kc6 41. Nd3 f6 42. f4 gxf4 43. gxf4 exf4 44. Nxf4 Nf7 45. Nxg6 Ng5 46. Ke3 Nxh3 47. Ne7+ Kd6 48. Nf5+ Kc6 49. Nd4+ Kb6 50. Nf3 Ng5 51. Nxg5 fxg5 52. Kf3 Kc6 53. Kg4 Kd6 54. Kf5 a6 55. e5+ Kd5 56. e6 Kd6 57. Kf6 g4 58. e7 g3 59. e8=Q g2 60. Qe5+ Kc6 61.
Qc5+ Kb7 62. Qg1 a5 63. Qxg2+ Ka6 64. bxa5 Kxa5 65. Ke5 1-0

[Event "*** Titled Tuesday Blitz"]
[Site "Chess.com"]
[Date "2020.10.27"]
[Round "9"]
[White "MF1966Idrisov"]
[Black "Brave_spirit12"]
[Result "0-1"]
[WhiteElo "2339"]
[BlackElo "2502"]
[TimeControl "180+1"]
[EndTime "11:46:37 PDT"]
[Termination "Brave_spirit12 won on time"]

1. Nf3 d5 2. b3 Nf6 3. Bb2 e6 4.
e3 Be7 5. d4 O-O 6. Bd3 c5 7.
Nbd2 Nc6 8. O-O a6 9. Ne5 Nxe5 10. dxe5 Nd7 11. f4 f6 12. exf6 Bxf6 13. Bxf6 Nxf6 14. Qf3 b5 15. Rad1 Bb7 16. Qh3 Qe7 17. Nf3 c4 18. Be2 Ne4 19. Ne5 Rad8 20. Bf3 Nc3 21. Ra1 Qc5 22.
Bg4 Bc8 23. Bxe6+ Bxe6 24. Qxe6+ Kh8 25. Nf7+ Rxf7 26. Qxf7 Qxe3+ 27. Kh1 Ne4 28. Rf3 Qd4 29.
Raf1 a5 30. Qc7 Re8 31. Qxa5 Nd2 32. Qxb5 Qe4 33. h3 h6 34. f5 Nxf3 35. Rxf3 Qe1+ 36.
Kh2 Qe5+ 37. Rg3 h5 38. h4 Rf8 39. Qd7 Rxf5 40. Qd8+ Kh7 41. Kh3 Rf6 42. Qd7 Rg6 43. Rxg6 Kxg6 44. bxc4 Qe3+ 45. g3 dxc4 46. Qc6+ Kh7 47.
Qxc4 Qg1 48. Qe4+ Kh6 49. Qf4+ Kh7 50. Qe4+ g6 51. a4 Qf1+ 52. Kh2 Qf2+ 53. Kh1 Qf1+ 54. Kh2 Qa1 55. g4 Qc1 0-1

[Event "*** Titled Tuesday Blitz"]
[Site "Chess.com"]
[Date "2020.10.27"]
[Round "9"]
[White "Zkid"]
[Black "TomiLen"]
[Result "1-0"]
[WhiteElo "2815"]
[BlackElo "2641"]
[TimeControl "180+1"]
[EndTime "11:46:38 PDT"]
[Termination "Zkid won by resignation"]

1. e4 e6 2. d4 d5 3. Nc3 Nf6 4. Bg5 dxe4 5. Nxe4 Nbd7 6. Nf3 Be7 7. Nxf6+ Bxf6 8.
Be3 c5 9. Qd2 cxd4 10. Bxd4 e5 11. Bc3 O-O 12. O-O-O e4 13. Bxf6 Qxf6 14. Nd4 Nb6 15.
Qe3 Bf5 16. Qf4 Bg6 17. Qxf6 gxf6 18. h4 h5 19. Ne2 Rfd8 20. Rxd8+ Rxd8 21. Rh3 Nd5 22.
Nc3 Nf4 23. Re3 f5 24. g3 Ne6 25. Bc4 f4 26. Re1 e3 27. fxe3 fxg3 28. Rg1 Ng7 29. e4 Rd4 30. Bd5 Rb4 31. Rxg3 Kh7 32. Ne2 Ne8 33. Rb3 Rxb3 34. axb3 b6 35. Kd2 Nf6 36. Ng3 Kg7 37. c3 Ng4 38. Kd3 Kf6 39. Kd4 Ne5 40. Ke3 a5 41. Ne2 Ng4+ 42. Kf4 Ne5 43. Bc4 Bh7 44. Bb5 Ng6+ 45. Kg3 Ne5 46. Nf4 Bxe4 47. Nxh5+ Ke7 48. Nf4 Bc2 49. Bc4 a4 50. Nd5+ Kd6 51.
Nxb6 Bxb3 52. Bxb3 axb3 53. h5 Nd3 54. h6 Ne5 55. h7 Ng6 56. Kg4 Kc5 57. Nd7+ Kc4 58. Kg5 Kd3 59. Ne5+ Nxe5 60. h8=Q Nf3+ 61. Kf4 Nd2 62.
c4 1-0

[Event "*** Titled Tuesday Blitz"]
[Site "Chess.com"]
[Date "2020.10.27"]
[Round "9"]
[White "Arfan48"]
[Black "ajian"]
[Result "1-0"]
[WhiteElo "2445"]
[BlackElo "2345"]
[TimeControl "180+1"]
[EndTime "11:46:39 PDT"]
[Termination "Arfan48 won by checkmate"]

1. e4 c5 2. Nf3 Nc6 3. d4 cxd4 4. Nxd4 Nf6 5. Nc3 e5 6. Ndb5 d6 7. Bg5 a6 8. Na3 b5 9. Nd5 Be7 10. Bxf6 Bxf6 11. c3 O-O 12. Nc2 Rb8 13. Be2 Bg5 14. O-O Be6 15. Nce3 g6 16. a4 bxa4 17. Nc4 Rb5 18.
Rxa4 Bxd5 19. exd5 Ne7 20. Rxa6 Rxd5 21. Qc2 Qc7 22.
Rfa1 Rb8 23. Ra7 Qc5 24. b4 Qc8 25. Qb3 e4 26. g3 Bf6 27. Bf1 Nc6 28. Nxd6 Qe6 29.
Rxf7 Rxd6 30. Bc4 Qxf7 31. Bxf7+ Kg7 32. Bc4 Rbd8 33. Bf1 Ne5 34. Qc2 Nf3+ 35. Kh1 Re8 36.
Ra7+ Kh8 37. Qc1 Bg7 38. Qf4 Rd5 39. Be2 Rf5 40. Qc7 Rg8 41. Bxf3 exf3 42. h3 Re5 43. Kh2 Re2 44. Qc5 Rc2 45. Rc7 h6 46. Rxg7 Kxg7 47. Qd4+ Kh7 48. Qe3 Rf8 49. b5 Rf7 50. b6 Rb2 51. c4 Kg7 52. c5 Kf8 53. c6 Rc2 54.
Qa3+ Re7 55. c7 Rxf2+ 56. Kg1 Rg2+ 57. Kf1 Rh2 58. c8=Q+ Kf7 59. Qc4+ Kg7 60. Qxe7+ Kh8 61. Qc8# 1-0

[Event "*** Titled Tuesday Blitz"]
[Site "Chess.com"]
[Date "2020.10.27"]
[Round "9"]
[White "Funo09"]
[Black "Sychev_Klementy"]
[Result "0-1"]
[WhiteElo "2814"]
[BlackElo "2889"]
[TimeControl "180+1"]
[EndTime "11:46:41 PDT"]
[Termination "Sychev_Klementy won on time"]

1. e4 e5 2. Nf3 Nc6 3. Bb5 a6 4. Ba4 Nf6 5. O-O b5 6. Bb3 Bc5 7. d3 d6 8. Nc3 Na5 9. Be3 Nxb3 10. axb3 Bg4 11. h3 Bh5 12. g4 Bxe3 13. fxe3 Bg6 14. Qe1 O-O 15. Qg3 Qe7 16. Nh4 c6 17. Nf5 Qe6 18. Kh2 d5 19. exd5 cxd5 20. Rf2 b4 21. Ne2 Rac8 22. Ng1 Rc6 23. Nf3 Nd7 24. Rg1 f6 25. N3h4 a5 26. Qf3 Be8 27. Qxd5 Qxd5 28. Ne7+ Kh8 29. Nxd5 Bf7 30. Ne7 Rc7 31. Rgg2 Re8 32.
Nef5 Rc6 33. g5 fxg5 34. Rxg5 g6 35. Nh6 Be6 36. Ng4 Rec8 37. Nxe5 Rxc2 38. Rxc2 Rxc2+ 39. Kg3 Nf6 40. Nc4 Nh5+ 41. Kf3 Bxh3 42. Rxa5 Bf1 43. Ne5 Be2+ 44. Ke4 Nf6+ 45. Kd4 Rxb2 46. Ra8+ Kg7 47. Ra7+ Kh6 48. Nhf3 Bxf3 49. Nxf3 g5 50. e4 g4 51. Nh4 Kg5 52. Nf5 h5 53. Rg7+ Kf4 54.
Nh4 Kg3 55. e5 Ne8 56. Nf5+ Kf4 57. Nd6 Nxg7 0-1

[Event "*** Titled Tuesday Blitz"]
[Site "Chess.com"]
[Date "2020.10.27"]
[Round "9"]
[White "Vanina1989"]
[Black "Lady_Nika"]
[Result "0-1"]
[WhiteElo "2608"]
[BlackElo "2479"]
[TimeControl "180+1"]
[EndTime "11:46:41 PDT"]
[Termination "Lady_Nika won on time"]

1. d4 d5 2. c4 e6 3. Nf3 f5 4. g3 Nf6 5. Bg2 c6 6. O-O Bd6 7. b3 O-O 8. Ba3 Bxa3 9. Nxa3 Qd6 10. Nb1 Nbd7 11. Qc2 Ne4 12. Nbd2 b6 13. Rac1 Bb7 14. Rfe1 Rac8 15. Qb2 h6 16. e3 Kh7 17. b4 Rb8 18. c5 bxc5 19. bxc5 Qc7 20. Qa3 e5 21. dxe5 Nxe5 22.
Nxe5 Qxe5 23. Nf3 Qc7 24. Nd4 Rf6 25. Rc2 Qc8 26. Qxa7 Ra8 27. Qb6 Ba6 28. Rb2 Bc4 29. Bf1 Bxf1 30. Rxf1 Ra6 31. Qb4 Qe8 32. Ne2 Ng5 33. Nd4 Qe4 34. h4 Nf7 35. Qc3 Ne5 36. Rd1 Rg6 37. Kf1 Nc4 38. Rc2 Ra3 39. Nb3 Ne5 40. Rd4 Qh1+ 41. Ke2 Qf3+ 42. Ke1 Qh1+ 43.
Kd2 Nf3+ 44. Ke2 Nxd4+ 45. Qxd4 Ra8 46. Qb2 Re8 47. Nd4 f4 48. gxf4 Qxh4 49. Qc3 Qxf4 50.
Rb2 Rg2 51. Qd3+ Kh8 52. Ke1 Rg1+ 53. Ke2 Qg4+ 54. Nf3 Rg2 55. Qd4 Qh5 56. Qf4 Rg4 57.
Qc7 Rf8 58. Rb8 Rxb8 59. Qxb8+ Kh7 60. Qd6 Rg6 61. Qe5 Qg4 62. a3 Rf6 0-1

[Event "*** Titled Tuesday Blitz"]
[Site "Chess.com"]
[Date "2020.10.27"]
[Round "9"]
[White "Zq1"]
[Black "indfraeng"]
[Result "1-0"]
[WhiteElo "2492"]
[BlackElo "2351"]
[TimeControl "180+1"]
[EndTime "11:46:41 PDT"]
[Termination "Zq1 won by resignation"]

1. d4 d5 2. c4 c6 3. cxd5 cxd5 4. Bg5 Nc6 5. Nc3 Nf6 6. Bxf6 exf6 7. e3 Bb4 8. Ne2 O-O 9. g3 Bf5 10. Bg2 Be4 11.
O-O Bxg2 12. Kxg2 Qd6 13. a3 Ba5 14. Rc1 Rad8 15. Qb3 Bb6 16. Nf4 Ne7 17. Na4 Rc8 18. Qb5 Rc6 19. Nc5 Qc7 20. b4 Rc8 21. Ncd3 Qd6 22.
Rxc6 Rxc6 23. Nc5 Qc7 24. a4 g6 25. a5 Bxc5 26. bxc5 b6 27. axb6 axb6 28. cxb6 Qxb6 29. Qxb6 Rxb6 30. Rc1 Rb7 31. Rc5 Rd7 32. h4 Kg7 33. Rb5 f5 34. Rb6 Rd8 35. Rb7 Kf6 36. Kf3 Rd6 37. Nd3 h6 38. Nf4 g5 39. hxg5+ hxg5 40. Nh5+ Kg6 41. Rxe7 Kxh5 42. Rxf7 Kg6 43. Re7 Kf6 44.
Re5 Rd8 45. g4 fxg4+ 46. Kxg4 Rh8 47. Rxg5 Rh2 48. Rf5+ Ke6 49. Re5+ Kd6 50. Kg3 Rh8 51. Kf3 Rf8+ 52. Ke2 Ra8 53. f4 Ra2+ 54. Kf3 Ra1 55. f5 Rf1+ 56. Kg4 Rg1+ 57. Kh5 Rg8 58. Kh6 Rg1 59.
f6 Rf1 60. Kg7 Kd7 61. Kf7 Kd6 62. Rh5 Rf3 63. Re5 Rf1 64. Kg7 Rg1+ 65. Kf8 Rf1 66. f7 Ra1 67. Rg5 Ke6 68. Kg8 Rh1 69. f8=Q Rh8+ 70.
Kxh8 1-0

[Event "*** Titled Tuesday Blitz"]
[Site "Chess.com"]
[Date "2020.10.27"]
[Round "9"]
[White "topotun"]
[Black "TigrVShlyape"]
[Result "0-1"]
[WhiteElo "2765"]
[BlackElo "2892"]
[TimeControl "180+1"]
[EndTime "11:46:44 PDT"]
[Termination "TigrVShlyape won on time"]

1. e4 c5 2. Nf3 e6 3. d4 cxd4 4. Nxd4 a6 5. Nc3 b5 6. Bd3 Qb6 7. Nf3 Qc7 8. O-O Bb7 9. Qe2 Be7 10. Bd2 Nf6 11. e5 Nd5 12. Ne4 Nc6 13. Ng3 f5 14. exf6 Nxf6 15. a4 b4 16. Ne4 O-O 17. Nfg5 h6 18.
Nxf6+ Rxf6 19. Ne4 Rf7 20. f4 Nd4 21. Qh5 Nxc2 22.
Ng5 Bxg5 23. fxg5 Qc5+ 24. Kh1 Rxf1+ 25. Rxf1 Rf8 26. Rxf8+ Kxf8 27. Qd1 Nd4 28. gxh6 gxh6 29. Bxh6+ Ke7 30. Be3 Qd5 31. Bf1 e5 32. h4 Nf5 33.
Bg5+ Ke6 34. Qxd5+ Kxd5 35. Kh2 Ke4 36. g4 Ne3 37. Bxe3 Kxe3 38. g5 Kf4 39. g6 Bd5 40.
Bxa6 Kf5 41. a5 Kxg6 42. Kg3 Kf5 43. Bb5 d6 44. a6 e4 45. a7 Ke6 46. h5 Kf6 47. Kf4 Bb7 48. Be2 d5 49. Ke3 Ke5 50. h6 d4+ 51. Kf2 Kf6 52. Bf1 Bc6 53. Bb5 Bb7 54. Ba6 Ba8 55. Kg3 Kg6 56. Kf4 Kxh6 57.
Bf1 Kg6 58. Bg2 d3 59. Bxe4+ Bxe4 60. Kxe4 d2 61. a8=Q d1=Q 62. Qc6+ Kg5 63. Qc5+ Kh4 64. Qxb4 Qg4+ 0-1

[Event "*** Titled Tuesday Blitz"]
[Site "Chess.com"]
[Date "2020.10.27"]
[Round "9"]
[White "Smirnov_Pavel"]
[Black "Karateloru"]
[Result "0-1"]
[WhiteElo "2848"]
[BlackElo "2692"]
[TimeControl "180+1"]
[EndTime "11:46:50 PDT"]
[Termination "Karateloru won on time"]

1. d4 Nf6 2. c4 e6 3. Nf3 d5 4. Nc3 Be7 5. Bf4 O-O 6. e3 a6 7.
Qc2 Nbd7 8. c5 Re8 9. Bd3 Nf8 10. h3 Ng6 11. Bh2 Bd7 12. O-O b5 13. b4 c6 14. a4 Qc8 15. Ra2 Qb7 16. Rfa1 a5 17.
axb5 axb4 18. Na4 cxb5 19. Nb6 Rxa2 20. Qxa2 Bc6 21. Qa7 Qxa7 22. Rxa7 Bd8 23. Nd2 Re7 24. Ra5 Nd7 25. Bd6 Nxb6 26. Bxe7 Nxe7 27. cxb6 Bxb6 28. Ra6 Nc8 29. Ra1 Kf8 30. Rb1 Nd6 31. Nb3 Nc4 32. Kf1 Ke7 33. Ke2 h6 34. Ra1 Kd6 35. f4 f6 36. g4 e5 37. fxe5+ fxe5 38. Rf1 e4 39. Bc2 Ke7 40. Ra1 Na3 41. Kd2 Bd7 42. Bd1 Kf6 43. Ke2 Kg5 44. Kf2 Kh4 45. Be2 g6 46. Nc5 Bc8 47. Rc1 Bxc5 48. Rxc5 b3 49. Rxc8 b2 50.
Rh8 b1=Q 51. Rxh6+ Kg5 52. Rh8 Qh1 53. h4+ Kf6 54. g5+ Kg7 55. Rh6 Qh2+ 56. Ke1 Nc2+ 57. Kd2 Nb4 58. h5 gxh5 59. Rxh5 Qg2 60. Rh4 Nd3 61.
Rg4 Qf2 62. g6 Qe1+ 0-1

[Event "*** Titled Tuesday Blitz"]
[Site "Chess.com"]
[Date "2020.10.27"]
[Round "9"]
[White "zivicd"]
[Black "AntonovaNadezhda"]
[Result "1-0"]
[WhiteElo "2273"]
[BlackElo "2119"]
[TimeControl "180+1"]
[EndTime "11:46:50 PDT"]
[Termination "zivicd won by resignation"]

1. e4 c5 2. Nc3 Nc6 3. g3 g6 4.
Bg2 Bg7 5. d3 d6 6. Be3 e6 7.
Qd2 Nd4 8. Nd1 h6 9. c3 Nc6 10.
f4 Nge7 11. Nf3 O-O 12. O-O f5 13. Nf2 Rb8 14. d4 cxd4 15. Nxd4 Na5 16. b3 b6 17.
Rad1 d5 18. exf5 Nxf5 19. Nxf5 gxf5 20. Bd4 Ba6 21. Rfe1 Re8 22. Bf1 Bxf1 23. Kxf1 Nc6 24. Bxg7 Kxg7 25. Nd3 Qf6 26. Ne5 Rbc8 27. Qd3 Nxe5 28.
Rxe5 Rc6 29. c4 Rec8 30. cxd5 Rc3 31. Qd4 exd5 32. Rxd5 Qxd4 33. R5xd4 Rc2 34. R1d2 Rxd2 35. Rxd2 Rc7 36. Kf2 Kf6 37. h3 h5 38. Ke3 Re7+ 39. Kf3 Rc7 40. Rd6+ Kg7 41. Rd3 Re7 42. a4 Rc7 43. g4 hxg4+ 44. hxg4 fxg4+ 45. Kxg4 Kf6 46. Rd6+ Ke7 47. Rh6 Rc1 48. Rh7+ Kf6 49. Rxa7 Rg1+ 50.
Kf3 Rf1+ 51. Ke3 Re1+ 52. Kd4 Rb1 53. Kc3 Kf5 54. Rf7+ Ke6 55. Rb7 Kf5 56. Rxb6 Kxf4 57.
a5 Ke5 58. a6 Kd5 59. Kb4 Ra1 60. Kb5 Kd4 61. Rb7 Kd5 62. a7 Kd6 63. b4 Kd5 64.
Kb6 Kd6 65. b5 Rb1 1-0

[Event "*** Titled Tuesday Blitz"]
[Site "Chess.com"]
[Date "2020.10.27"]
[Round "9"]
[White "Margency"]
[Black "Mr_Sinigami"]
[Result "1-0"]
[WhiteElo "2668"]
[BlackElo "2482"]
[TimeControl "180+1"]
[EndTime "11:46:51 PDT"]
[Termination "Margency won on time"]

1. e4 c5 2. Nf3 e6 3. d4 cxd4 4. Nxd4 a6 5. c4 Nf6 6. Nc3 Qc7 7. a3 Nc6 8. Be3 Be7 9. Be2 O-O 10. O-O d6 11. Rc1 Nxd4 12. Qxd4 Nd7 13. Rfd1 b6 14. b4 Rb8 15. f4 Rd8 16. Bf3 Bb7 17. Qd3 Ba8 18.
Rc2 Rbc8 19. Be2 Nf6 20. Rcc1 Qb8 21. Bf3 h6 22. Na4 Nd7 23. Nc3 Bc6 24. Ne2 Nf6 25.
Nd4 Ba8 26. Qb1 d5 27. cxd5 exd5 28. e5 Ne4 29. Nf5 Bf8 30. Bd4 Bc6 31. Qb3 Bb5 32.
Qe3 Ba4 33. Re1 b5 34. Bxe4 dxe4 35. Qxe4 Qa8 36. Qxa8 Rxa8 37. Bc5 a5 38. Bxf8 Kxf8 39. Nd6 axb4 40. axb4 Bb3 41. Re3 Be6 42. f5 Bd5 43. Rd3 Bc4 44. Rd2 Bb3 45. Rc7 Ra4 46. Rd4 Ra2 47.
h4 h5 48. Rf4 Kg8 49. f6 g6 50. Rd4 Be6 51. Nxb5 Rb8 52. Rc5 Rb2 53. Nd6 R8xb4 54.
Rxb4 Rxb4 55. g3 Rb8 56. Kf2 Kh7 57. Ne4 Kh6 58. Ng5 Ba2 59. Rc7 Rf8 60. Ke3 Bd5 61.
Kd4 Ba2 62. Kc5 1-0

[Event "*** Titled Tuesday Blitz"]
[Site "Chess.com"]
[Date "2020.10.27"]
[Round "9"]
[White "TioCridineno"]
[Black "mapleaff"]
[Result "0-1"]
[WhiteElo "2232"]
[BlackElo "2385"]
[TimeControl "180+1"]
[EndTime "11:46:53 PDT"]
[Termination "mapleaff won by resignation"]

1. e4 d6 2. d4 Nf6 3. Nc3 g6 4.
f3 Bg7 5. Be3 O-O 6. Qd2 a6 7.
a4 Nbd7 8. Bc4 c5 9. Nge2 cxd4 10. Nxd4 Ne5 11. Ba2 Bd7 12. O-O Rc8 13. h3 Nc4 14. Bxc4 Rxc4 15. b3 Rc8 16. Rad1 Qc7 17. Nde2 b5 18. axb5 axb5 19. Bd4 b4 20. Nd5 Nxd5 21.
exd5 Qxc2 22. Bxg7 Qxd2 23. Rxd2 Kxg7 24. Re1 Rc5 25. Rd4 Rb8 26. Ra1 Rc2 27. Nf4 Rb7 28. Rd3 Bf5 29. Re3 Rc3 30. Rae1 Kf8 31. h4 Bc2 32. Rxc3 bxc3 33. Rc1 Bxb3 34. Rxc3 h6 35.
Rd3 g5 36. hxg5 hxg5 37. Nh3 f6 38. Nf2 Rb5 39. Ng4 Bxd5 40. Ne3 Rb1+ 41. Kf2 Rb2+ 42. Kg3 Be6 43. Rc3 Re2 44. f4 gxf4+ 45. Kxf4 d5 46. Rc7 d4 47. Nc4 Bxc4 48. Rxc4 Rxg2 49. Ke4 e5 50. Kf5 Ke7 51. Rc7+ Kd6 52. Rc8 Rf2+ 53.
Ke4 f5+ 54. Kd3 e4+ 55. Kxd4 Ke6 56. Rc6+ Kf7 57. Rh6 Rf3 58. Ke5 e3 59. Ra6 f4 60.
Ke4 Rf2 61. Ra1 e2 62. Kd3 f3 63. Ra7+ Kf6 64. Ra6+ Kg5 65. Ra5+ Kg4 66. Ke3 e1=Q+ 0-1

[Event "*** Titled Tuesday Blitz"]
[Site "Chess.com"]
[Date "2020.10.27"]
[Round "9"]
[White "RaunakSadhwani2005"]
[Black "vugarrasulov"]
[Result "1-0"]
[WhiteElo "2976"]
[BlackElo "2876"]
[TimeControl "180+1"]
[EndTime "11:46:55 PDT"]
[Termination "RaunakSadhwani2005 won by resignation"]

1. c4 Nf6 2. Nc3 g6 3. g3 Bg7 4.
Bg2 O-O 5. Nf3 d6 6. O-O e5 7. d3 Re8 8. Rb1 e4 9. dxe4 Nxe4 10.
Nxe4 Rxe4 11. b3 Nc6 12. Bb2 Bxb2 13. Rxb2 Qf6 14. Rd2 Bf5 15. Nh4 Re7 16. Nxf5 Qxf5 17. e3 Qf6 18. Qf3 Qc3 19. Rfd1 Rae8 20. h3 a5 21. Qd5 Re5 22. Qd3 Qxd3 23. Rxd3 Ra8 24.
a3 Ra6 25. f4 Re7 26. Kf2 Rb6 27. Rc1 Na7 28. c5 dxc5 29. Rxc5 Nb5 30. a4 Nd6 31. Rxa5 Ne4+ 32. Bxe4 Rxe4 33. Rc5 c6 34. a5 Ra6 35. Rd4 Rxd4 36. exd4 Kf8 37. d5 Ke7 38. dxc6 bxc6 39. Ke3 Kd6 40. Kd4 Ra8 41. b4 Rb8 42. Kc3 f6 43. Kc4 Re8 44. a6 Re4+ 45. Kb3 Re3+ 46. Ka4 Re1 47. Ka5 Kc7 48. b5 Ra1+ 49.
Kb4 Rb1+ 50. Kc4 Rc1+ 51. Kd4 Rd1+ 52. Ke4 Re1+ 53. Kf3 Kb6 54. Rxc6+ Kxb5 55. Rxf6 Rf1+ 56. Kg4 Ra1 57. Rf7 h5+ 58. Kh4 Rxa6 59. f5 Kc5 60. fxg6 Rxg6 61. Rf5+ Kd6 62. Rxh5 Re6 63. g4 Re1 64.
Rf5 Ke6 65. Rf3 Re5 66. g5 Re1 67. Kh5 Rg1 68. h4 Ke5 69. Kh6 Ke6 70. h5 Rg4 71. g6 Rg1 72. g7 Rg4 73. Rf8 1-0

[Event "*** Titled Tuesday Blitz"]
[Site "Chess.com"]
[Date "2020.10.27"]
[Round "9"]
[White "northridgehawk"]
[Black "GMaka"]
[Result "0-1"]
[WhiteElo "2263"]
[BlackElo "2398"]
[TimeControl "180+1"]
[EndTime "11:46:55 PDT"]
[Termination "GMaka won by checkmate"]

1. e4 c6 2. d4 d5 3. exd5 cxd5 4. Bd3 Nc6 5. Ne2 Bg4 6. f3 Bh5 7. Be3 Qb6 8. Nbc3 e6 9. Qd2 Nb4 10. Bb5+ Nc6 11. Nf4 Bg6 12. Nxg6 hxg6 13. O-O-O Bb4 14. Bd3 Qa5 15. Kb1 Nge7 16. a3 Bxc3 17. Qxc3 Qxc3 18. bxc3 Na5 19. h4 Rc8 20. Bd2 Nc4 21.
Bc1 Rc6 22. Ka2 Nc8 23. Rde1 N8d6 24. g4 Nb5 25. Bb2 Ke7 26. Bxc4 Rxc4 27. Kb3 Rhc8 28. Re3 a5 29. a4 Nd6 30. Ba3 b5 31. axb5 Rb8 32. h5 gxh5 33. gxh5 Kd7 34. Bxd6 Kxd6 35. h6 Rxb5+ 36. Ka3 gxh6 37. Rxh6 Rb1 38. f4 Ra1+ 39.
Kb2 Rca4 40. f5 R4a2+ 41. Kb3 Ra3+ 42. Kb2 a4 43. c4 Rxe3 44. c5+ Kc6 45. Kxa1 Kb5 46.
fxe6 fxe6 47. Kb2 a3+ 48. Ka2 Kb4 49. c6 Rc3 50. Kb1 Rxc6 51. Rh3 a2+ 52. Kxa2 Rxc2+ 53. Kb1 Re2 54. Rd3 Kc4 55. Rd1 Re4 56. Kc2 Rxd4 57.
Re1 Re4 58. Ra1 Re2+ 59. Kd1 Rh2 60. Ra4+ Kd3 61. Ra3+ Ke4 62. Ra6 e5 63. Ra4+ d4 64.
Ra8 Ke3 65. Rg8 e4 66. Rg3+ Kf4 67. Rg8 d3 68. Rf8+ Ke3 69. Rf1 Ra2 70. Re1+ Kd4 71.
Rg1 Ra1+ 72. Kd2 e3# 0-1

[Event "*** Titled Tuesday Blitz"]
[Site "Chess.com"]
[Date "2020.10.27"]
[Round "9"]
[White "kuli4ik"]
[Black "DenLaz"]
[Result "0-1"]
[WhiteElo "2879"]
[BlackElo "2787"]
[TimeControl "180+1"]
[EndTime "11:47:03 PDT"]
[Termination "DenLaz won by checkmate"]

1. d4 d5 2. Nf3 Nf6 3. Bf4 e6 4.
e3 Bd6 5. Bg3 O-O 6. Bd3 c5 7.
dxc5 Bxc5 8. O-O Nc6 9. c4 dxc4 10. Bxc4 Qxd1 11. Rxd1 b6 12. Nc3 Bb7 13. Rac1 Rfd8 14.
a3 Rac8 15. Rxd8+ Rxd8 16. Kf1 h6 17. Ke1 Nh5 18. Ne4 Bf8 19. Bb5 Na5 20. Ned2 Nxg3 21. hxg3 a6 22. Be2 Rc8 23. Rxc8 Bxc8 24. Nd4 e5 25. N4f3 f6 26. b4 Nc6 27. Bc4+ Kh7 28. Bd3+ g6 29. Nh4 f5 30. e4 f4 31. gxf4 exf4 32.
Nhf3 Kg7 33. e5 g5 34. Be4 Ne7 35.
Nc4 b5 36. Nd6 Be6 37. Bb7 Ng6 38. Bxa6 Bd5 39. Bxb5 g4 40. Nf5+ Kf7 41. N3h4 Nxe5 42. g3 f3 43. Ne3 Be4 44. Kd2 Kf6 45. Bf1 h5 46. Kc3 Bb7 47. a4 Ke6 48. b5 Bg7 49. Kb4 Bf8+ 50. Kc3 Bc5 51. Nhf5 Be4 52. Nd4+ Kd6 53.
Ndf5+ Ke6 54. Nd4+ Kd6 55. a5 Nd7 56. b6 Ke5 57.
Nb3 Bxe3 58. fxe3 Kd6 59. Kd4 Bd5 60. Nd2 h4 61. e4 hxg3 62. e5+ Ke6 63. Ke3 g2 64. Bxg2 fxg2 65. Kf2 Nxe5 66. a6 Nd3+ 67. Kg1 Nf4 68. b7 Ne2+ 69. Kh2 g1=Q# 0-1